 Dungeon Crawl Stone Soup version 0.29.0-4-gdea44cf6ec (webtiles) character file.

Game seed: 1973908743680566171

128 qw the Chopper (level 5, 0/30 HPs)
             Began as a Tengu Warper on Aug 28, 2022.
             Succumbed to a water moccasin's poison
             ... on level 3 of the Dungeon.
             The game lasted 00:00:21 (3127 turns).

qw the Chopper (Tengu Warper)                       Turns: 3127, Time: 00:00:22

Health: 0/30       AC: 12    Str: 13    XL:     5   Next: 11%
Magic:  9/9        EV:  4    Int: 13    God:
Gold:   154        SH:  5    Dex: 14    Spells: 8/8 levels left

rFire   . . .      SeeInvis .   Y - +1 hand axe
rCold   . . .      Faith    .   (no shield)
rNeg    . . .      Spirit   .   e - +0 plate armour
rPois   .          Reflect  +   (helmet restricted)
rElec   .          Harm     .   d - +0 cloak
rCorr   .          Rampage  .   (no gloves)
Will    .....                   (boots unavailable)
Stlth   ..........              j - amulet of reflection
HPRegen 0.10/turn               (no ring)
MPRegen 0.11/turn               (no ring)

@: lethally poisoned (0 -> -23), about to teleport, flying quickly and
evasively, quick
A: beak, talons 3, nimble flight
a: no special abilities


You were on level 3 of the Dungeon.
You visited 1 branch of the dungeon, and saw 3 of its levels.

You collected 174 gold pieces.
You spent 20 gold pieces at shops.


Innate Abilities, Weirdness & Mutations

You have a beak for a mouth.
You have claws for feet.
Your magical nature lets you fly swiftly and evasively.


   Skills:
 - Level 2.0 Fighting
 + Level 5.2 Axes
 - Level 1.0 Throwing
 - Level 2.3 Armour
 - Level 2.1 Dodging
 - Level 2.0 Spellcasting
 - Level 2.4 Translocations


You had 8 spell levels left.
You didn't know any spells.
Your spell library contained the following spells:

 Spells                   Type           Power      Damage    Failure   Level
 Blink                    Tloc           14%        N/A       100%        2
 Gell's Gravitas          Tloc           7%         N/A       100%        3
 Lesser Beckoning         Tloc           7%         N/A       100%        3
 Teleport Other           Tloc           7%         N/A       100%        3
 Manifold Assault         Tloc           7%         N/A       100%        5

Inventory:

Hand Weapons
 o - a +0 flail
 Y - a +1 hand axe (weapon)
Armour
 d - a +0 cloak (worn)
 e - a +0 plate armour (worn)
Jewellery
 j - an amulet of reflection (around neck)
Scrolls
 b - a scroll of identify
 g - a scroll of teleportation
 h - a scroll of noise {unknown}
Potions
 c - a potion of might {unknown}
 f - 2 potions of heal wounds
 i - a potion of flight {unknown}
 k - a potion of magic {unknown}
 l - a potion of curing {unknown}
 m - a potion of ambrosia {unknown}
 n - a potion of haste {unknown}

Dungeon Overview and Level Annotations

Branches:
Dungeon (3/15)

Altars:

Shops:
D:2 *


Message History

You peck the giant cockroach, but do no damage.
The giant cockroach is severely wounded.
The giant cockroach bites you but does no damage.
You hit the giant cockroach but do no damage.
You punch the giant cockroach, but do no damage.
The giant cockroach is severely wounded.
You slash the water moccasin!
The giant cockroach bites you but does no damage.
You block the water moccasin's attack.
You closely miss the giant cockroach. Your kick misses the giant cockroach.
The giant cockroach is severely wounded.
You closely miss the water moccasin.
The water moccasin bites you but does no damage.
The giant cockroach bites you. The water moccasin bites you.
You are poisoned.
The water moccasin poisons you!
You hit the giant cockroach.
You kill the giant cockroach!
You hit the water moccasin.
You feel very sick. The water moccasin bites you.
You miss the water moccasin. You claw the water moccasin!
You peck the water moccasin.
The water moccasin is heavily wounded.
You feel very sick.
The water moccasin completely misses you.
You slash the water moccasin!
The water moccasin is severely wounded.
You feel sick. You block the water moccasin's attack.
The water moccasin bites you but does no damage.
You hit the water moccasin.
You claw the water moccasin, but do no damage.
The water moccasin is almost dead.
You feel sick. The water moccasin bites you.
You are more poisoned.
The water moccasin poisons you!
3127 ||| READING 2 scrolls of teleportation.
As you read the scroll of teleportation, it crumbles to dust.
You feel strangely unstable.
You die...

###.# # #.# .?#.# .#
.########.#
...)#.##...........#
........[###.###...#
.#...##..#.....#.#.#
....## #.....#.#.#
.....# S...>...#.#
.~.#.# #.....#)#.#
}~.#... #.....#@#.#
.........###K# #S#.#
....####. .B. .B#
###... S.. .... #
#.#. #. #.... # .#
#..... # ...... .
.#..(...


You could see a water moccasin and a giant cockroach.

Vanquished Creatures
  5 adders
  A dart slug (D:1)
  An orc (D:3)
  3 bats
  7 endoplasms
  6 giant cockroaches
  5 goblins
  9 hobgoblins
  2 jackals (D:2)
  6 kobolds
  5 quokkas
  14 ball pythons
  2 frilled lizards
  5 rats
71 creatures vanquished.

Notes
Turn   | Place    | Note
-------+----------+-------------------------------------------
     0 | D:1      | qw the Tengu Warper began the quest for the Orb.
     0 | D:1      | Reached XP level 1. HP: 12/12 MP: 4/4
     0 | D:1      | 0 ||| qw: Version: 0.1-a-89-g26bdef1
     0 | D:1      | 0 ||| qw: Game counter: 3334
     0 | D:1      | 0 ||| qw: Always use a shield: true
     0 | D:1      | 0 ||| qw: God list: Okawaru
     0 | D:1      | 0 ||| qw: Allow faded altars: false
     0 | D:1      | 0 ||| qw: Do Orc after D:15 true
     0 | D:1      | 0 ||| qw: Do second Lair branch before Depths: true
     0 | D:1      | 0 ||| qw: Lair rune preference: random
     0 | D:1      | 0 ||| qw: Plans: Normal
     0 | D:1      | 0 ||| PLANNING D:1-11
    65 | D:1      | 65 ||| Stepping ~*~*~tactically~*~*~ (stealth).
   112 | D:1      | 112 ||| Stepping ~*~*~tactically~*~*~ (stealth).
   113 | D:1      | 113 ||| Stepping ~*~*~tactically~*~*~ (stealth).
   133 | D:1      | Found a faded altar of an unknown god.
   199 | D:1      | Reached XP level 2. HP: 17/17 MP: 6/6
   212 | D:1      | Reached skill level 3 in Axes
   641 | D:1      | 641 ||| Stepping ~*~*~tactically~*~*~ (stealth).
   651 | D:1      | Reached XP level 3. HP: 14/21 MP: 7/7
   964 | D:1      | Reached skill level 4 in Axes
  1395 | D:1      | 1395 ||| UPGRADING to +0 plate armour.
  1405 | D:1      | 1405 ||| DROPPING +0 leather armour.
  1406 | D:1      | 1406 ||| UPGRADING to amulet of reflection.
  1411 | D:1      | 1411 ||| READING scroll labelled FOALOT SONUMU.
  1412 | D:1      | 1412 ||| READING 2 scrolls labelled JITAEHAAPH.
  1416 | D:1      | 1416 ||| DROPPING scroll of blinking.
  1595 | D:2      | 1595 ||| Stepping ~*~*~tactically~*~*~ (stealth).
  1596 | D:2      | 1596 ||| Stepping ~*~*~tactically~*~*~ (stealth).
  1599 | D:2      | 1599 ||| Stepping ~*~*~tactically~*~*~ (stealth).
  1680 | D:2      | Found Piexidic's General Store.
  1688 | D:2      | 1688 ||| SHOPLISTING potion of might (40 gold, have 34).
  1688 | D:2      | 1688 ||| SHOPLISTING scroll of enchant weapon (75 gold,
                  | have 34).
  1688 | D:2      | 1688 ||| BUYING scroll of identify (20 gold).
  1688 | D:2      | Bought a scroll of identify for 20 gold pieces
  1688 | D:2      | 1688 ||| SHOPLISTING scroll of teleportation (30 gold, have
                  | 14).
  1825 | D:2      | 1825 ||| Stepping ~*~*~tactically~*~*~ (stealth).
  1832 | D:2      | 1832 ||| Stepping ~*~*~tactically~*~*~ (stealth).
  1861 | D:2      | 1861 ||| Stepping ~*~*~tactically~*~*~ (stealth).
  1941 | D:2      | Reached XP level 4. HP: 18/26 MP: 8/8
  1941 | D:2      | 1941 ||| FLEEEEING.
  1942 | D:2      | 1942 ||| FLEEEEING.
  1943 | D:2      | 1943 ||| FLEEEEING.
  1944 | D:2      | 1944 ||| FLEEEEING.
  1945 | D:2      | 1945 ||| FLEEEEING.
  1946 | D:2      | 1946 ||| FLEEEEING.
  1947 | D:2      | 1947 ||| FLEEEEING.
  1948 | D:2      | 1948 ||| FLEEEEING.
  1949 | D:2      | 1949 ||| FLEEEEING.
  1950 | D:2      | 1950 ||| FLEEEEING.
  1951 | D:2      | 1951 ||| FLEEEEING.
  1952 | D:2      | 1952 ||| FLEEEEING.
  1953 | D:2      | 1953 ||| FLEEEEING.
  1954 | D:2      | 1954 ||| FLEEEEING.
  1955 | D:2      | 1955 ||| FLEEEEING.
  1956 | D:2      | 1956 ||| FLEEEEING.
  1957 | D:2      | 1957 ||| FLEEEEING.
  1958 | D:2      | 1958 ||| FLEEEEING.
  1959 | D:2      | 1959 ||| FLEEEEING.
  1960 | D:2      | 1960 ||| FLEEEEING.
  1964 | D:2      | 1964 ||| FLEEEEING.
  1971 | D:2      | 1971 ||| FLEEEEING.
  1979 | D:2      | 1979 ||| FLEEEEING.
  1980 | D:2      | 1980 ||| FLEEEEING.
  1986 | D:2      | 1986 ||| STAIRDANCE
  2041 | D:1      | 2041 ||| READING 2 scrolls labelled JUFUSE ERGHEZOY.
  2042 | D:1      | 2042 ||| READING scroll labelled VUTYAT UTHI.
  2043 | D:1      | 2043 ||| READING scroll labelled VIACHO INEUCK.
  2044 | D:1      | 2044 ||| READING scroll labelled ABYTRO JYMPIA.
  2045 | D:1      | 2045 ||| READING scroll labelled QUUTYF URGHOSUA.
  2046 | D:1      | 2046 ||| DROPPING scroll of magic mapping.
  2056 | D:2      | 2056 ||| DROPPING +0 club.
  2540 | D:2      | 2540 ||| UPGRADING to +0 cloak.
  2545 | D:2      | 2545 ||| READING scroll labelled JEAGAZ MEKKUR.
  2546 | D:2      | 2546 ||| READING scroll labelled IGRU ASEC.
  2547 | D:2      | 2547 ||| DRINKING 2 metallic silvery potions.
  2548 | D:2      | 2548 ||| READING 2 scrolls of identify.
  2548 | D:2      | 2548 ||| IDENTIFYING bubbling green potion
  2549 | D:2      | 2549 ||| DROPPING potion of lignification.
  2550 | D:2      | 2550 ||| READING 3 scrolls of teleportation.
  2561 | D:3      | 2561 ||| PLANNING SEWER
  2970 | D:3      | Reached skill level 5 in Axes
  3015 | D:3      | 3015 ||| Stepping ~*~*~tactically~*~*~ (stealth).
  3016 | D:3      | 3016 ||| Stepping ~*~*~tactically~*~*~ (stealth).
  3017 | D:3      | 3017 ||| Stepping ~*~*~tactically~*~*~ (stealth).
  3087 | D:3      | 3087 ||| DROPPING +0 whip.
  3104 | D:3      | Gained mutation: Your magical nature lets you fly swiftly
                  | and evasively. [Tengu growth]
  3104 | D:3      | Reached XP level 5. HP: 25/30 MP: 9/9
  3109 | D:3      | Noticed a water moccasin
  3110 | D:3      | 3110 ||| Stepping ~*~*~tactically~*~*~ (stealth).
  3115 | D:3      | 3115 ||| Stepping ~*~*~tactically~*~*~ (stealth).
  3126 | D:3      | HP: 5/30 [water moccasin (5)]
  3127 | D:3      | 3127 ||| READING 2 scrolls of teleportation.
  3127 | D:3      | Succumbed to a water moccasin's poison

Levels and vault maps discovered:
D:1:      elethiomel_arrival_shortcut, layout_basic,
          shapermc_ecumenical_altar_venn, minmay_fountain_box
D:2:      layout_basic, serial_shops, shop, minmay_joined_circles
D:3:      layout_rooms, portal_sewer_entry_f, ebering_dispersal_statue_hall,
          st_stairs_3, minmay_misc_feat_diagonals, corexii_leaking_fountain,
          uniq_crazy_yiuf_cottage, uniq_terence

Skill      XL: |  1  2  3  4 |
---------------+-------------+-----
Axes           | 3 4 5 |  5.2
Armour         | 2 |  2.3
Fighting       | |  2.0
Throwing       | |  1.0
Dodging        | |  2.1
Spellcasting   | |  2.0
Translocations | |  2.4

Action                   |  1- 3 |  4- 6 || total
-------------------------+-------+-------++-------
Melee: Hand axe          |   109 |    81 ||   190
       Kick              |    23 |    17 ||    40
       Peck              |    12 |    16 ||    28
       Punch             |       |     1 ||     1
Throw: Boomerang         |     7 |       ||     7
  Use: Scroll            |     2 |    10 ||    12
       Potion            |       |     1 ||     1
Armor: Leather armour    |    14 |       ||    14
       Plate armour      |    20 |    36 ||    56
Dodge: Dodged            |    44 |    15 ||    59
Block: Other             |     6 |    23 ||    29
       Reflection        |       |     3 ||     3

Table legend:
 A = Non-vault XP
 B = Vault XP
 C = Vault XP percentage of total XP
 D = Non-vault monster count
 E = Vault monster count
 F = Vault count percentage of total count
                 A         B        C        D         E       F
            +---------+---------+-------+---------+---------+-------
      Total |     144 |      39 |  21.3 |      55 |      16 |  22.5
            +---------+---------+-------+---------+---------+-------
        D:1 |      54 |       0 |   0.0 |      31 |       0 |   0.0
        D:2 |      34 |      21 |  38.2 |      13 |      13 |  50.0
        D:3 |      56 |      18 |  24.3 |      11 |       3 |  21.4
            +---------+---------+-------+---------+---------+-------
